 Dungeon Crawl Stone Soup version 0.29.0-10-g45618ea6d2 (webtiles) character file.

Game seed: 2761026325542227215

2041 robertstho the Shooter (level 9, -4/65 HPs)
             Began as a Djinni Fire Elementalist on Sept 1, 2022.
             Was an Initiate of Makhleb.
             Slain by an orc warrior
             ... wielding a +0 halberd
              (24 damage)
             ... in a bailey.
             The game lasted 00:09:28 (5750 turns).

robertstho the Shooter (Djinni Fire Elementalist)   Turns: 5750, Time: 00:09:29

Health: -4/65      AC:  8    Str:  7    XL:     9   Next: 48%
Gold:   15         EV: 12    Int: 20    God:    Makhleb [......] SH:  0 Dex: 15

rFire   + + .      SeeInvis +   i - +0 triple crossbow (freeze)
rCold   x . .      Faith    .   (shield currently unavailable)
rNeg    . . .      Spirit   .   q - +0 troll leather armour {Pargi}
rPois   ∞          Reflect  .   A - +2 helmet of Filth {Rampage +Inv}
rElec   .          Harm     .   (no cloak)
rCorr   .          Rampage  +   f - +0 pair of gloves
Will    .....                   (boots unavailable)
Stlth   ++........              (no amulet)
HPRegen 1.00/turn               y - ring of see invisible
MPRegen 0.00/turn               (no ring)

@: flying
A: sickness immunity, fire resistance 2, cold vulnerability 1, float, innate
caster, HP casting, extra vitality 1
a: Renounce Religion, Evoke Invisibility


You were in a bailey.
You worshipped Makhleb.
Makhleb was noncommittal.
You visited 2 branches of the dungeon, and saw 9 of its levels.
You also visited: Sewer and Bailey.

You collected 420 gold pieces.
You spent 405 gold pieces at shops.

Inventory:

Hand Weapons
 i - a +0 triple crossbow of freezing (weapon)
 s - a +1 short sword of holy wrath
 t - a +2 broad axe of flaming
Armour
 f - a +0 pair of gloves (worn)
 q - a +0 troll leather armour (worn) {Pargi}
 u - a +0 buckler
 A - the +2 helmet of Filth (worn) {Rampage +Inv}
   (You bought it in a shop on level 7 of the Dungeon)

   +Inv:      It lets you turn invisible.
   Rampage:   It bestows one free step when moving towards enemies.
Jewellery
 y - a ring of see invisible (left hand)
Wands
 a - a wand of paralysis (10)
 c - a wand of polymorph (8)
 o - a wand of mindburst (10)
Scrolls
 d - 2 scrolls of summoning
 m - 3 scrolls of butterflies
 w - 2 scrolls of teleportation
Potions
 b - a potion of haste
 e - 3 potions of heal wounds
 h - a potion of degeneration {unknown}
 j - a potion of magic {unknown}
 k - a potion of invisibility {unknown}
 l - a potion of berserk rage {unknown}
 n - 5 potions of curing {unknown}
 p - 3 potions of ambrosia
 r - 3 potions of might {unknown}
 v - a potion of mutation {unknown}
 x - a potion of brilliance {unknown}


   Skills:
 * Level 5.0 Fighting
 + Level 6.0 Ranged Weapons
 + Level 3.0 Armour
 + Level 3.5 Dodging
 + Level 2.1 Stealth
 * Level 5.2 Spellcasting
 * Level 0.6 Invocations


You couldn't memorise any spells.
You knew the following spells:

 Your Spells              Type           Power      Damage    Failure   Level
a - Foxfire               Conj/Fire      100%       2x1d9     1%          1
b - Scorch                Fire           52%        2d7       2%          2
c - Conjure Flame         Conj/Fire      26%        6-21      5%          3
d - Inner Flame           Hex/Fire       26%        N/A       5%          3
e - Flame Wave            Conj/Fire      26%        2d8       19%         4
f - Magic Dart            Conj           100%       1d8       1%          1
g - Call Imp              Summ           26%        N/A       2%          2
h - Lesser Beckoning      Tloc           26%        N/A       5%          3
i - Airstrike             Air            13%        2d(2-18)  19%         4
Your spell library was empty.

Dungeon Overview and Level Annotations

Branches:
Dungeon (8/15)             Temple (1/1) D:7           Sewer (visited)
 Bailey (1/1)
   Lair: D:8-11

Altars:
Cheibriados
Dithmenos
Elyvilon
Fedhas
Gozag
Hepliaklqana
Makhleb
Nemelex Xobeh
Okawaru
Qazlal
Trog
Uskayaw
Xom
Yredelemnul
Zin

Shops:
D:1 (   D:7 *

Annotations:
D:4 1 runed translucent door, SensoryNuts's ghost, novice DsFi


Innate Abilities, Weirdness & Mutations

You are immune to sickness and miasma.
You are immune to poison.
Your flesh is very heat resistant. (rF++)
You are vulnerable to cold. (rC-)
You float through the air rather than walking.
You learn spells naturally, not from books.
Your magical power is your life essence.
You have superior vitality. (+4 MHP)


Message History

Okay, then.
You reach down and open the door.
An orc knight and 2 orc warriors come into view.
The orc knight shouts!
The orc warrior shouts!
The orc warrior sings a few bars from the Orcish anthem.
Found a gate leading back out of this place.
You shoot a bolt. The bolt hits the orc knight!
The bolt freezes the orc knight.
The orc knight is moderately wounded.
The orc knight roars a battlecry!
The orc warriors go into a battle-frenzy!
You shoot a bolt. The bolt closely misses the orc knight.
You shoot a bolt. The bolt barely misses the orc warrior.
The orc warrior hits you from afar with a +0 halberd!
The orc warrior barely misses you.
You shoot a bolt. The bolt hits the orc warrior!
The bolt freezes the orc warrior.
The orc warrior is heavily wounded.
The orc warrior hits you from afar with a +0 halberd!
The orc warrior hits you from afar with a +0 halberd.
The orc warrior hits you from afar with a +0 halberd!
Unknown command.
Casting: Airstrike (dangerous; 19% risk of failure)
Confirm with . or Enter, or press ? or * to list all spells.
Aiming: Airstrike (dangerous; 19% risk of failure)
Press: ? - help, Dir - move target, f/p - orc warrior
Aim: an orc warrior, wielding a +0 halberd and wearing a +0 scale mail (heavily wounded, strong, empty space bonus: 5/8)
The air twists around and strikes the orc warrior.
The orc warrior is heavily wounded.
The orc warrior closely misses you.
Casting: Airstrike (dangerous; 19% risk of failure)
Confirm with . or Enter, or press ? or * to list all spells.
Aiming: Airstrike (dangerous; 19% risk of failure)
Press: ? - help, Dir - move target, f/p - orc warrior
Aim: an orc warrior, wielding a +0 halberd and wearing a +0 scale mail (heavily wounded, strong, empty space bonus: 5/8)
The air twists around and strikes the orc warrior!
The orc warrior is almost dead.
* * * LOW HITPOINT WARNING * * *
The orc warrior hits you from afar with a +0 halberd!!
You die...

########### ##.........##
##..~~~~~~~..##
##..~~.....~~..##
########..~~..###..~~..######
.........~~.@## ##.)~~.......
~~~~~~~~~~..##.∩.##..~~~~~~~~
~.........o##.....##)..).....
~.#########'###+#############
~ o.. ## .≈≈§≈ ##. ≈≈oo...
##.. ...⌠∩⌠. #..~ ≈§..⌠.§
#+#..~


You could see an orc warrior (strong).

Vanquished Creatures
  Grinder (D:3)
  A wyvern (D:8)
  A yak (D:6)
  A water moccasin (D:7)
  Pargi (Sewer)
  An ogre (D:3)
  A centaur (D:6)
  A kobold brigand (D:7)
  A phantom (D:5)
  A necrophage (D:5)
  A scorpion (D:4)
  3 howler monkeys (D:7)
  7 hounds
  3 orc priests
  2 jellies
  2 iguanas (D:4)
  4 orc wizards
  10 gnolls
  6 adders
  A shadow imp (D:5)
  2 white imps
  A dart slug (D:1)
  26 orcs
  9 ball pythons
  6 endoplasms
  3 giant cockroaches
  15 goblins
  11 hobgoblins
  8 jackals
  13 kobolds
  6 quokkas
  4 bats
  3 frilled lizards
  2 rats
158 creatures vanquished.

Vanquished Creatures (others)
  An orc wizard (D:5)
  27 foxfires (D:1)
28 creatures vanquished.

Grand Total: 186 creatures vanquished

Notes
Turn   | Place    | Note
-------+----------+-------------------------------------------
     0 | D:1      | robertstho the Djinni Fire Elementalist began the quest for
                  | the Orb.
     0 | D:1      | robertstho set off with the following spells memorised:
                  | Foxfire, Scorch, Conjure Flame, Inner Flame, Flame Wave.
     0 | D:1      | Reached XP level 1. HP: 15/15 MP: 0/0
    46 | D:1      | Reached XP level 2. HP: 4/21 MP: 0/0
   317 | D:1      | Found Migreol's Antique Weapon Shop.
   348 | D:1      | Reached XP level 3. HP: 7/26 MP: 0/0
   348 | D:1      | Learned a level 1 spell: Magic Dart
  1533 | D:2      | Reached skill level 1 in Fighting
  1533 | D:2      | Reached XP level 4. HP: 16/32 MP: 0/0
  1875 | D:2      | Reached XP level 5. HP: 20/37 MP: 0/0
  1875 | D:2      | Learned a level 2 spell: Call Imp
  2397 | D:3      | Reached skill level 1 in Ranged Weapons
  2547 | D:3      | Found a glowing drain.
  2551 | Sewer    | Entered a sewer
  2817 | Sewer    | Noticed Pargi
  2823 | Sewer    | Killed Pargi
  2824 | Sewer    | Reached skill level 2 in Ranged Weapons
  2824 | Sewer    | Reached XP level 6. HP: 13/43 MP: 0/0
  3157 | D:3      | Found a white marble altar of Elyvilon.
  3203 | D:3      | Noticed Grinder
  3205 | D:3      | Paralysed by Grinder for 3 turns
  3212 | D:3      | Killed Grinder
  3213 | D:3      | Reached skill level 3 in Ranged Weapons
  3213 | D:3      | Reached XP level 7. HP: 49/49 MP: 0/0
  3213 | D:3      | Learned a level 3 spell: Lesser Beckoning
  3323 | D:3      | Found a glowing silver altar of Zin.
  3416 | D:3      | Found a stormy altar of Qazlal.
  3518 | D:3      | Found a faded altar of an unknown god.
  3755 | D:4      | Reached skill level 1 in Armour
  3869 | D:4      | Found a shadowy altar of Dithmenos.
  3876 | D:4      | Found a hazy altar of Hepliaklqana.
  3881 | D:4      | Found an opulent altar of Gozag.
  3951 | D:4      | Reached XP level 8. HP: 20/56 MP: 0/0
  4035 | D:4      | Found a runed translucent door.
  4140 | D:4      | Noticed SensoryNuts's ghost (novice DsFi)
  4158 | D:5      | Entered Level 5 of the Dungeon
  4279 | D:5      | Reached skill level 4 in Ranged Weapons
  5070 | D:6      | Reached skill level 5 in Ranged Weapons
  5099 | D:6      | Noticed a yak
  5101 | D:6      | Noticed a yak
  5102 | D:6      | Killed a yak
  5102 | D:6      | Noticed a yak
  5103 | D:6      | Reached XP level 9. HP: 62/62 MP: 0/0
  5103 | D:6      | Learned a level 4 spell: Airstrike
  5125 | D:7      | Reached skill level 5 in Spellcasting
  5373 | D:7      | Found Tanoogud's Assorted Antiques.
  5382 | D:7      | Bought a transparent helmet for 285 gold pieces
  5382 | D:7      | Identified the +2 helmet of Filth {Rampage +Inv} (You
                  | bought it in a shop on level 7 of the Dungeon)
  5382 | D:7      | Bought a scroll of identify for 60 gold pieces
  5382 | D:7      | Bought a scroll of identify for 60 gold pieces
  5431 | D:7      | Found a staircase to the Ecumenical Temple.
  5437 | Temple   | Entered the Ecumenical Temple
  5458 | Temple   | Became a worshipper of Makhleb the Destroyer
  5665 | D:8      | Reached skill level 6 in Ranged Weapons
  5670 | D:8      | Reached skill level 5 in Fighting
  5673 | D:8      | Found a flagged portal.
  5678 | Bailey   | Entered a bailey
  5742 | Bailey   | Noticed an orc knight
  5750 | Bailey   | Slain by an orc warrior

Illustrated notes

Levels and vault maps discovered:
D:1:      wheals_arrival_shading, layout_rooms, serial_shops, shop
D:2:      layout_loops_ring, minmay_split_cup_large
D:3:      layout_basic, mainiacjoe_overflow_catwalk,
          nicolae_qazlal_scattered_showers, elyvilon_altar_4,
          ebering_ecumenical_altar_hall, gup_sewer_entry_bowl, uniq_grinder
D:4:      layout_cave_pools, grunt_temple_overflow_diamond,
          ebering_ghost_inner_flame
D:5:      layout_loops_ring, kennysheep_small_circle
D:6:      layout_rooms
D:7:      layout_cave_pools, minmay_temple_entry_enclosed_plants, serial_shops,
          nicolae_shop_statue_plus
D:8:      layout_basic, enter_bailey_3
Temple:   hellmonk_temple_of_storms
Bailey:   bailey_polearm_1, bailey

Skill      XL: |  1  2  3  4  5  6  7  8  9 |
---------------+----------------------------+-----
Spellcasting   | 3 4 5 |  5.2
Fighting       | 1 2 3 4 5 |  5.0
Ranged Weapons | 2 3 5 6 |  6.0
Dodging        | 3 |  3.5
Stealth        | 2 |  2.1
Armour         | 1 2 3 |  3.0
Invocations    | |  0.6

Action                   |  1- 3 |  4- 6 |  7- 9 || total
-------------------------+-------+-------+-------++-------
Melee: Triple crossbow   |       |       |     1 ||     1
 Fire: Triple crossbow   |    16 |    95 |   191 ||   302
 Cast: Foxfire           |    17 |       |       ||    17
       Scorch            |    16 |     4 |     9 ||    29
       Flame Wave        |       |       |     1 ||     1
       Airstrike         |       |       |     2 ||     2
  Use: Scroll            |       |       |    12 ||    12
       Potion            |       |       |     1 ||     1
Armor: Robe              |     2 |    16 |       ||    18
       Troll leather arm |       |    11 |    47 ||    58
Dodge: Dodged            |    26 |    65 |   100 ||   191
